cohdb
Replays
Latest Replays
All Replays
Popular Replays
Top Player Replays
Match Explorer
How It Works
Community
CoH3 Stats
Reddit
Sign in to upload your games and track your stats! →
Sign in with Steam
Match 27236706
Unlisted
Match 27236706
Overview
Messages
Build Orders
End
Construct Barracks
Selects Airborne Battlegroup
Selects Airborne Battlegroup
Selects Heavy Machine Gun Paradrop
Heavy Machine Gun Paradrop
Riflemen Squad
Riflemen Squad
M1 Mortar Team
Selects Paratrooper Squad Paradrop
Paratrooper Squad Paradrop
Infantry Support Center
Grenade Package
Selects Anti-tank Gun Team Paradrop
Anti-tank Gun Team Paradrop
Construct Tank Depot
Selects Recon Loiter
Selects Supply Drop
Supply Drop
Supply Drop
M4(105) Sherman Bulldozer
Supply Drop
Engineer Squad
Supply Drop
Jesulin
LuiSBa
Eber
combat0001
象棋大师
Emperor Li Yi
0
0
Comments
sign in to comment!
No comments posted yet!